 Dungeon Crawl Stone Soup version 0.28.0 (webtiles) character file.

Game seed: 1817718918622347314

21 GrayStillPlays the Insei (level 2, -1/21 HPs)
             Began as a Merfolk Transmuter on Feb 7, 2022.
             Slain by an adder (4 damage)
             ... on level 2 of the Dungeon.
             The game lasted 00:01:55 (1037 turns).

GrayStillPlays the Insei (Merfolk Transmuter)       Turns: 1037, Time: 00:01:55

Health: -1/21      AC:  2    Str: 16    XL:     2   Next: 87%
Magic:  14/14      EV: 13    Int: 12    God:
Gold:   27         SH:  0    Dex: 14    Spells: 2/5 levels left

rFire   . . .      SeeInvis .     - Unarmed
rCold   . . .      Faith    .   (no shield)
rNeg    . . .      Spirit   .   a - +0 robe
rPois   .          Reflect  .   (helmet currently unavailable)
rElec   .          Harm     .   (no cloak)
rCorr   .          Rampage  .   (no gloves)
Will    .....                   (boots currently unavailable)
Stlth   +.........              (no amulet)
HPRegen 0.07/turn               b - +6 ring of strength
MPRegen 0.14/turn               i - ring of magical power

@: lethally poisoned (-1 -> -6), appendages (expiring)
A: horns 2, (nimble swimmer 2), mertail
a: End Transformation


You were on level 2 of the Dungeon.
You had temporarily grown beastly horns.
You visited 1 branch of the dungeon, and saw 2 of its levels.

You collected 27 gold pieces.


Innate Abilities, Weirdness & Mutations

You have temporarily grown beastly horns.
((You are very nimble when in or above water. (Stealth+, EV+, Speed+++)))
Your lower body shifts to a powerful aquatic tail in water.


   Skills:
 + Level 1.6 Fighting
 + Level 3.1 Dodging
 + Level 3.5 Unarmed Combat
 + Level 2.2 Spellcasting
 + Level 3.1 Transmutations


You had 2 spell levels left.
You knew the following spells:

 Your Spells              Type           Power      Damage    Failure   Level
a - Beastly Appendage     Tmut           16%        N/A       8%          1
b - Searing Ray           Conj           2%         2d4       38%         2

Your spell library contained the following spells:

 Spells                   Type           Power      Damage    Failure   Level
 Wereblood                Tmut           8%         N/A       11%         2
 Magic Dart               Conj           4%         1d3       26%         1
 Spider Form              Tmut/Pois      5%         N/A       38%         3
 Ice Form                 Ice/Tmut       5%         N/A       80%         4
 Fulminant Prism          Conj/Hex       0%         3d6       95%         4

Inventory:

Missiles
 f - 18 arrows
 h - 12 stones {throwing}
Armour
 a - a +0 robe (worn)
Jewellery
 b - a +6 ring of strength (left hand)
   (You found it on level 1 of the Dungeon)
 i - a ring of magical power (right hand)
   (You found it on level 2 of the Dungeon)
Scrolls
 c - a scroll of fear {unknown}
 e - a scroll of enchant armour {unknown}
 g - a scroll of amnesia {unknown}
Potions
 d - a potion of mutation {unknown}

Dungeon Overview and Level Annotations

Branches:
Dungeon (2/15)

Altars:

##.# #.##########
##...# #.##........
.....###.##.####
..........†...#
####..#.##.##.##.#
....###.#.##.##.###.#
#..#....##........#
##+#.#########.#####
#.S@## #.# #.....#
###.# #.......#
###.#.#
#.........###.....#
+.........+.......#
#.........###....##
##.......####.#.##
##.....## #...####
#.#....#


You could see an adder.


Message History

😎 MP[-1]
You lost 1 mp, and now have 13/14 mp.
No target in view!
No target in view!
No target in view!
No target in view!
A hobgoblin is nearby!
The hobgoblin hits you but does no damage.
You hit the hobgoblin.
The hobgoblin barely misses you. 😎 MP[+1]
Your mp is fully restored (14).
You hit the hobgoblin but do no damage. The hobgoblin hits you. 😕 HP[-2]
You take 2 damage, and now have 19/21 hp.
You closely miss the hobgoblin. You headbutt the hobgoblin.
You kill the hobgoblin!
No target in view!
No target in view!
No target in view!
This spell is extremely dangerous to cast!
Memorise Searing Ray, consuming 2 spell levels and leaving 2?
You start memorising the spell.
You continue memorising. x2
You finish memorising.
Spell assigned to 'b'.
Your transformation is almost over.
Your horns disappear.
You see here a hobgoblin corpse.
Found a stone staircase leading down. 😎 HP[+2]
Your hp is fully restored (21).
An endoplasm and a giant cockroach come into view.
You grow a pair of large bovine horns. 😎 MP[-1]
You lost 1 mp, and now have 13/14 mp.
The endoplasm quivers.
You hit the endoplasm. You hit the endoplasm.
You kill the endoplasm!
The giant cockroach bites you but does no damage.
You hit the giant cockroach but do no damage.
The giant cockroach barely misses you.
You hit the giant cockroach.
The giant cockroach closely misses you. 😎 MP[+1]
Your mp is fully restored (14).
You hit the giant cockroach.
You kill the giant cockroach!
No target in view!
No target in view!
Your transformation is almost over.
You see here a giant cockroach corpse.
An adder comes into view.
Your horns disappear.
The adder hisses angrily.
An adder is nearby!
You grow a pair of large bovine horns. 😎 MP[-1]
You lost 1 mp, and now have 13/14 mp.
The adder bites you. 😕 HP[-4]
You take 4 damage, and now have 17/21 hp.
You miss the adder. Your headbutt misses the adder. The adder misses you.
You hit the adder but do no damage. The adder bites you. 😮 HP[-3]
You take 3 damage, and now have 14/21 hp.
You are too injured to fight recklessly!
You are too injured to fight recklessly!
You are too injured to fight recklessly!
You are too injured to fight recklessly!
You are too injured to fight recklessly!
You closely miss the adder. The adder barely misses you.
You hit the adder but do no damage. The adder closely misses you.
The adder barely misses you.
You closely miss the adder.
The adder bites you but does no damage. 😮 HP[+1] MP[+1]
Your mp is fully restored (14).
You closely miss the adder. The adder bites you.
You are poisoned.
The adder poisons you! 😮 HP[-1]
You take 1 damage, and now have 14/21 hp.
You barely miss the adder. Your headbutt misses the adder.
You feel sick. The adder closely misses you. 😮 HP[-2]
You take 2 damage, and now have 12/21 hp.
You closely miss the adder. Your headbutt misses the adder.
The adder bites you.
* * * LOW HITPOINT WARNING * * *
😨 HP[-4]
You take 4 damage, and now have 8/21 hp.
You hit the adder.
Your transformation is almost over.
You feel sick. The adder bites you.
* * * LOW HITPOINT WARNING * * *
You are lethally poisoned!
The adder poisons you! The adder barely misses you. 😱 HP[-3]
You take 3 damage, and now have 5/21 hp.
You closely miss the adder.
* * * LOW HITPOINT WARNING * * *
You feel sick. The adder bites you.
You die...

Skill      XL: |  1  2 |
---------------+-------+-----
Dodging        | 3 |  3.1
Transmutations | 3 |  3.1
Fighting       | |  1.6
Unarmed Combat | |  3.5
Spellcasting   | |  2.2

Action                   || total
-------------------------++-------
Melee: Unarmed           ||    58
       Headbutt          ||    10
       Punch             ||     1
 Cast: Beastly Appendage ||    18
Armor: Robe              ||    12
Dodge: Dodged            ||    29

Levels and vault maps discovered:
D:1:      lightli_arrival_lavapool, layout_basic,
          shapermc_ecumenical_altar_starsandcircs, minmay_cupped
D:2:      minmay_wonky_spiral, layout_loops_corners, uniq_sigmund

Notes
Turn   | Place    | Note
-------+----------+-------------------------------------------
     0 | D:1      | GrayStillPlays the Merfolk Transmuter began the quest for
                  | the Orb.
     0 | D:1      | Reached XP level 1. HP: 15/15 MP: 3/3
     0 | D:1      | magus.rc [v1.9.6]
   265 | D:1      | Reached XP level 2. HP: 18/21 MP: 3/5
   329 | D:1      | Found a faded altar of an unknown god.
   379 | D:1      | You pick up a book of Conjurations {@e2} and begin
                  | reading...
   379 | D:1      | You add the spells Magic Dart, Searing Ray and Fulminant
                  | Prism to your library.
   413 | D:1      | Reached skill level 3 in Dodging
   413 | D:1      | Reached skill level 3 in Transmutations
   924 | D:2      | Learned a level 2 spell: Searing Ray
  1036 | D:2      | HP: 5/21 [adder (2)]
  1037 | D:2      | Slain by an adder

Vanquished Creatures
  A dart slug (D:2)
  2 endoplasms
  2 giant cockroaches
  3 hobgoblins
  3 kobolds (D:1)
  A quokka (D:1)
  A ball python (D:1)
  2 bats (D:1)
  A frilled lizard (D:1)
  A goblin (D:1)
  A rat (D:1)
18 creatures vanquished.

Table legend:
 A = Non-vault XP
 B = Vault XP
 C = Vault XP percentage of total XP
 D = Non-vault monster count
 E = Vault monster count
 F = Vault count percentage of total count
                 A         B        C        D         E       F
            +---------+---------+-------+---------+---------+-------
      Total |      30 |       1 |   3.2 |      17 |       1 |   5.6
            +---------+---------+-------+---------+---------+-------
        D:1 |      20 |       1 |   4.8 |      13 |       1 |   7.1
        D:2 |      10 |       0 |   0.0 |       4 |       0 |   0.0
            +---------+---------+-------+---------+---------+-------

Illustrated notes

Table legend:
 A = Kills in this place as a percentage of kills in entire the game.
 B = Kills by you in this place as a percentage of kills by you in the entire game.
 C = Kills by friends in this place as a percentage of kills by friends in the entire game.
 D = Other kills in this place as a percentage of other kills in the entire game.
 E = Experience gained in this place as a percentage of experience gained in the entire game.
 F = Experience gained in this place divided by the number of levels of this place that you have seen.
                   A       B       C       D       E      F
               +-------+-------+-------+-------+-------+----------------------
         Total | 100.0 | 100.0 |   N/A |   N/A | 100.0 |  15.5
       Dungeon | 100.0 | 100.0 |   N/A |   N/A | 100.0 |  15.5
               +-------+-------+-------+-------+-------+----------------------

Table legend: (Time is in decaauts)
 A = Elapsed time spent in this place.
 B = Non-inter-level travel time spent in this place.
 C = Inter-level travel time spent in this place.
 D = Time resting spent in this place.
 E = Time spent auto-exploring this place.
 F = Levels seen in this place.
 G = Mean time per level.
                   A        B        C        D        E       F      G
               +--------+--------+--------+--------+--------+-----+--------+
         Total |   1032 |    975 |     57 |      0 |    836 |   2 |  516.0 |
       Dungeon |   1032 |    975 |     57 |      0 |    836 |   2 |  516.0 |
               +--------+--------+--------+--------+--------+-----+--------+

Top non-repeatable levels by time:
     D:1: 805 daAuts
     D:2: 226 daAuts
